 Dungeon Crawl Stone Soup version 0.25-a0-44-g29a1220a87 (webtiles) character file.

Game seed: 11586696052035788795, levelgen mode: deterministic

46 MalarOregon the Conjurer (level 3, -2/28 HPs)
             Began as a Draconian Conjurer on Oct 24, 2019.
             Slain by Natasha (3 damage)
             ... on level 2 of the Dungeon.
             The game lasted 00:04:05 (1159 turns).

MalarOregon the Conjurer (Draconian Conjurer)       Turns: 1159, Time: 00:04:06

Health: -2/28      AC:  5    Str: 10    XL:     3   Next: 46%
Magic:  0/6        EV: 12    Int: 16    God:
Gold:   51         SH:  0    Dex: 11    Spells: 6/7 levels left

rFire    . . .     SeeInvis .   h - +0 dagger
rCold    . . .     Gourm    .   (no shield)
rNeg     . . .     Faith    .   (armour unavailable)
rPois    .         Spirit   .   (helmet restricted)
rElec    .         Reflect  .   (no cloak)
rCorr    .         Harm     .   (no gloves)
MR       .....                  (no boots)
Stlth    ++........             (no amulet)
HPRegen  0.09/turn              (no ring)
MPRegen  0.10/turn              (no ring)

@: slowed, very slow
A: unfitting armour, cold-blooded, AC +5
a: no special abilities


You were on level 2 of the Dungeon.
You were hungry.

You visited 1 branch of the dungeon, and saw 2 of its levels.

You collected 51 gold pieces.

Inventory:

Hand Weapons
 h - a +0 dagger (weapon)
   (You took it off a goblin on level 1 of the Dungeon)
Scrolls
 a - a scroll of blinking
 k - a scroll of teleportation {unknown}
Potions
 d - a potion of flight
 f - a potion of agility {unknown}
Comestibles
 b - 7 chunks of flesh
 e - 3 rations {!d}


   Skills:
 + Level 1.6 Fighting
 + Level 2.2 Dodging
 - Level 1.7 Stealth
 + Level 2.5 Spellcasting
 + Level 4.3 Conjurations


You had 6 spell levels left.
You knew the following spells:

 Your Spells              Type           Power        Failure   Level  Hunger
a - Magic Dart            Conj           ###.         3%          1    #......

Your spell library contained the following spells:

 Spells                   Type           Power        Failure   Level  Hunger
 Searing Ray              Conj           ###...       4%          2    ##.....
 Dazzling Spray           Conj/Hex       #.....       24%         3    ###....
 Iskenderun's Mystic Bla  Conj           ###.....     32%         4    #####..
 Force Lance              Conj/Tloc      #.......     63%         4    #####..
 Fulminant Prism          Conj/Hex       #.........   63%         4    #####..


Dungeon Overview and Level Annotations

Branches:
Dungeon (2/15)

Altars:

Annotations:
D:2 Natasha


Innate Abilities, Weirdness & Mutations

Your plain brown scales are hard. (AC +5)
You cannot fit into any form of body armour.
You are cold-blooded and may be slowed by cold attacks.


Message History

Natasha howls an incantation.
Natasha glows brightly for a moment.
Natasha completely misses you.
It was a potion of heal wounds.
You feel much better. Natasha claws you but does no damage.
Natasha mumbles some strange words.
You closely miss Natasha.
A goblin comes into view.
Natasha barely misses you.
The crimson imp hits you but does no damage.
You closely miss Natasha. Natasha casts a spell at you.
You resist with significant effort.
The crimson imp hits you but does no damage.
Natasha barely misses you. The crimson imp barely misses you.
You hit Natasha but do no damage.
You tail-slap Natasha, but do no damage.
Natasha claws you. The crimson imp barely misses you.
You hit Natasha. Natasha claws you but does no damage.
The crimson imp hits you but does no damage.
Natasha barely misses you.
The crimson imp hits you but does no damage.
Aim: Natasha (severely wounded)
The magic dart hits Natasha.
Natasha claws you.
The crimson imp hits you but does no damage.
You closely miss Natasha.
Your tail-slap misses Natasha.
Natasha barely misses you. The crimson imp closely misses you.
Natasha barely misses you. The crimson imp closely misses you.
You barely miss Natasha. Natasha casts a spell at you.
You feel as though you will be slow longer.
The crimson imp barely misses you.
You barely miss Natasha. Natasha claws you!
* * * LOW HITPOINT WARNING * * *
The crimson imp closely misses you. Natasha misses you.
A worm comes into view.
The crimson imp hits you.
* * * LOW HITPOINT WARNING * * *
You hit Natasha but do no damage.
Your tail-slap misses Natasha.
Natasha claws you!
* * * LOW HITPOINT WARNING * * *
The crimson imp closely misses you.
You closely miss Natasha.
Natasha mumbles some strange words.
Natasha shimmers violently.
Natasha casts a spell.
The crimson imp hits you.
* * * LOW HITPOINT WARNING * * *
Natasha claws you.
You die...

# . .#..
..... ##...†.
.......
#####....#..
#..@hg......
#..5##5##.##.
......w .#
.♣≈...# ..
....## .#.
#..# #... ≈≈≈
. .# ≈≈ # .#


You could see a worm, Natasha, 2 crimson imps and a goblin.

Vanquished Creatures
  2 dart slugs (D:1)
  3 leopard geckos (D:1)
  2 giant cockroaches (D:1)
  6 goblins
  A hobgoblin (D:1)
  A quokka (D:2)
  2 ball pythons (D:2)
  10 bats (D:1)
  3 frilled lizards (D:1)
  3 kobolds (D:1)
  6 rats (D:1)
39 creatures vanquished.

Notes
Turn   | Place    | Note
-------+----------+-------------------------------------------
     0 | D:1      | MalarOregon the Draconian Conjurer began the quest for the
                  | Orb.
     0 | D:1      | Reached XP level 1. HP: 14/14 MP: 3/3
   267 | D:1      | Reached XP level 2. HP: 20/22 MP: 0/5
   379 | D:1      | Reached skill level 1 in Fighting
   554 | D:1      | Reached XP level 3. HP: 22/28 MP: 0/6
  1130 | D:2      | Noticed Natasha
  1147 | D:2      | HP: 1/28 [Natasha (6)]
  1159 | D:2      | HP: 1/28 [crimson imp[Natasha] (2)]
  1159 | D:2      | Slain by Natasha

Levels and vault maps discovered:
D:1:      dpeg_arrival_tiny_j, layout_loops_cross, serial_glass,
          glass_columns_c, glass_columns_c, corexii_leaking_fountain,
          minmay_pentomino_q2
D:2:      layout_rooms, nicolae_overflow_hidden_temple, tso_altar,
          serial_rivers, chequers_serial_rivers_room_a,
          chequers_serial_rivers_small_b, chequers_serial_rivers_micro_a,
          chequers_serial_rivers_large_a, chequers_serial_rivers_marsh,
          first_ration, okawaru_ov_weapons_minmay, uniq_natasha

Skill      XL: |  1  2 |
---------------+-------+-----
Dodging        | 2 |  2.2
Fighting       | 1 |  1.6
Stealth        | |  1.7
Spellcasting   | |  2.5
Conjurations   | |  4.3

Action                   || total
-------------------------++-------
Melee: Unarmed           ||    23
       Short sword       ||    21
       Dagger            ||    25
       Tailslap          ||     2
 Cast: Magic Dart        ||    59
  Use: Scroll            ||     4
       Potion            ||     3
  Eat: Chunk             ||     1
Armor: Skin              ||    30
Dodge: Dodged            ||    78

Table legend:
 A = Non-vault XP
 B = Vault XP
 C = Vault XP percentage of total XP
 D = Non-vault monster count
 E = Vault monster count
 F = Vault count percentage of total count
                 A         B        C        D         E       F
            +---------+---------+-------+---------+---------+-------
      Total |      64 |       3 |   4.5 |      37 |       2 |   5.1
            +---------+---------+-------+---------+---------+-------
        D:1 |      56 |       3 |   5.1 |      32 |       2 |   5.9
        D:2 |       8 |       0 |   0.0 |       5 |       0 |   0.0
            +---------+---------+-------+---------+---------+-------
